Map: Pillars of Gold LE

Players

Oreo

  • Race: Zerg Zerg
  • League: Master
  • Spawn Location: 7:00

A.I. 1 (Very Easy) - Winner!

  • Race: Terran Terran
  • Spawn Location: 1:00

VOD

Have the link to the VOD?

Description

Time

  • Played on: July 12, 2020, 8:42 a.m.
  • Length: 8:26
Show
View Real Time Build Order
Export as new Build Order

Oreo Zerg 

Build Orders: Pool First 

Get SALT Encoding   

  12  0:00  Drone  
  13  0:12  Overlord  
  13  0:17  Drone  
  14  0:31  Drone x2  
  14  0:34  Drone  
  17  0:45  Spawning Pool  
  17  0:49  Drone  
  17  0:56  Drone  
  18  1:12  Hatchery  
  18  1:14  Extractor  
  18  1:17  Drone  
  17  1:20  Drone  
  18  1:33  Zergling x2  
  18  1:35  Roach Warren  
  18  1:44  Queen  
  20  1:48  Drone  
  21  1:56  Overlord  
  21  2:15  Roach x2  
  25  2:21  Queen  
  27  2:23  Roach  
  27  2:28  Roach  
  31  2:35  Overlord  
  31  2:41  Drone  
  33  2:44  Ravager  
  33  2:46  Drone  
  34  3:06  Hatchery  
  34  3:09  Drone  
  35  3:12  Drone  
  35  3:16  Drone  
  36  3:21  Drone  
  36  3:25  Drone  
  38  3:30  Overlord  
  38  3:33  Drone  
  39  3:37  Ravager  
  39  3:38  Drone  
  39  3:41  Drone  
  42  3:48  Queen  
  42  3:51  Drone  
  42  3:53  Drone  
  46  3:57  Drone  
  46  3:58  Drone  
  46  4:02  Overlord  
  48  4:06  Drone  
  48  4:07  Drone  
  51  4:10  Ravager, Drone  
  51  4:14  Overlord  
  52  4:19  Queen  
  52  4:22  Drone  
  52  4:24  Drone  
  56  4:29  Queen  
  59  4:31  Drone  
  59  4:34  Drone x2  
  59  4:37  Drone  
  62  4:41  Drone  
  62  4:42  Drone  
  64  4:46  Lair  
  64  4:47  Drone  
  64  4:48  Drone  
  64  4:51  Drone  
  64  4:52  Drone  
  68  4:56  Drone x2  
  68  4:57  Drone  
  68  4:59  Overlord  
  71  5:03  Overlord  
  71  5:05  Drone  
  72  5:08  Drone x2  
  72  5:11  Extractor, Drone  
  72  5:13  Extractor  
  74  5:14  Drone  
  74  5:16  Extractor  
  74  5:17  Overlord, Extractor  
  74  5:18  Extractor  
  74  5:19  Drone x2  
  73  5:22  Drone  
  73  5:23  Drone  
  73  5:24  Drone  
  73  5:27  Drone x3  
  79  5:29  Drone  
  79  5:31  Drone x2  
  82  5:40  Drone x6  
  88  5:44  Glial Reconstitution, Overlord  
  88  5:45  Overseer  
  88  5:48  Drone  
  88  5:49  Drone  
  90  5:52  Evolution Chamber  
  90  5:53  Evolution Chamber, Overlord  
  88  6:05  Drone  
  88  6:08  Overlord  
  88  6:09  Roach x2  
  88  6:11  Roach  
  95  6:15  Hatchery  
  95  6:16  Overlord  
  95  6:17  Zerg Missile Weapons Level 1  
  94  6:19  Zerg Ground Armor Level 1  
  94  6:22  Roach  
  94  6:23  Roach  
  98  6:27  Roach x2  
  98  6:28  Roach  
  98  6:30  Roach  
  98  6:32  Roach  
  108  6:33  Roach  
  108  6:34  Roach  
  108  6:37  Overlord  
  108  6:39  Roach  
  114  6:40  Roach  
  114  6:42  Roach  
  114  6:44  Roach  
  120  6:47  Roach  
  120  6:48  Overlord  
  120  6:52  Overlord x2  
  122  6:59  Overlord  
  122  7:01  Roach x4  
  122  7:05  Overlord x2  
  122  7:08  Overlord  
  130  7:09  Roach  
  130  7:11  Roach  
  130  7:13  Roach  
  136  7:16  Roach  
  136  7:17  Roach  
  136  7:18  Roach  
  142  7:25  Overlord  
  142  7:27  Roach x3  
  142  7:29  Roach x2  
  152  7:35  Roach x3  
  158  7:38  Roach x2  
  158  7:41  Roach x2  
  158  7:43  Roach  
  168  7:47  Roach x2  
  168  7:50  Roach x2  
  176  7:52  Roach  
  176  7:56  Overlord  
  176  7:58  Roach x2  
  182  8:01  Roach x2  
  182  8:05  Ravager x9  
  196  8:06  Ravager x2  
  196  8:07  Ravager x2  
Show
View Real Time Build Order
Export as new Build Order

A.I. 1 (Very Easy) Terran - Winner!

Build Orders:  

Get SALT Encoding   

  12  0:00  SCV  
  13  0:13  SCV  
  14  0:20  Supply Depot  
  14  0:37  Refinery  
  14  0:47  Barracks  
  14  1:04  Supply Depot  
  14  1:12  Refinery  
  14  1:30  SCV  
  15  1:34  Marine  
  16  1:42  SCV  
  17  1:55  SCV  
  18  2:07  Marine, SCV  
  20  2:19  SCV  
  21  2:31  SCV  
  22  2:39  Marine  
  22  2:43  Orbital Command  
  23  3:57  SCV  
  23  4:59  SCV  
  23  5:49  SCV  
  24  5:50  Marine  
  24  5:51  Supply Depot  
  24  5:53  Factory  
  25  6:13  SCV  
  25  6:15  Supply Depot  
  26  6:23  Barracks Tech Lab  
  26  6:25  SCV  
  24  6:37  SCV  
  24  6:39  Starport  
  25  6:41  Marauder  
  27  6:49  SCV  
  28  6:54  Command Center  
  28  7:01  SCV  
  29  7:13  Marine  
  30  7:16  Starport Tech Lab  
  30  7:36  Raven  
  32  7:46  Marine  
  33  8:07  SCV  
  34  8:18  Refinery  
  34  8:19  Refinery  
Tags
 
League
Master
Matchup
TvZ
Opening
Pool First
Spawn Locations
Cross Positions
Add a new tag
Caveats
  • Supply blocks, unpowered buildings, or Contaminate may cause inaccurate times.
  • Supply counts are checked every 10 seconds.